 Seeded DCSS version 0.27.1-3-gb3d3a73c9e (webtiles) character file.

Game seed: 17848141825139092340 (custom seed)

193 oldmanjim the Ruffian (level 5, -4/53 HPs)
             Began as a Troll Monk on Oct 5, 2021.
             Slain by an orc priest (6 damage)
             ... on level 4 of the Dungeon.
             The game lasted 00:08:10 (1875 turns).

oldmanjim the Ruffian (Troll Monk)                  Turns: 1875, Time: 00:08:12

Health: -4/53      AC:  4    Str: 20    XL:     5   Next: 43%
Magic:  4/4        EV: 10    Int:  6    God:
Gold:   146        SH:  0    Dex: 12    Spells: 4/4 levels left

rFire    . . .     SeeInvis .     - Unarmed
rCold    . . .     Faith    +   (no shield)
rNeg     . . .     Spirit   .   a - +0 robe
rPois    .         Reflect  .   (helmet restricted)
rElec    .         Harm     .   (no cloak)
rCorr    .         Rampage  .   (gloves unavailable)
Will     .....                  (boots unavailable)
Stlth    ++........             e - amulet of faith
HPRegen  1.17/turn              (no ring)
MPRegen  0.09/turn              (no ring)

@: no status effects
A: large, unfitting armour, claws 3, regeneration 1, shaggy fur 1, tough skin 1
a: no special abilities


You were on level 4 of the Dungeon.
You visited 1 branch of the dungeon, and saw 4 of its levels.

You collected 146 gold pieces.

Inventory:

Missiles
 i - 4 boomerangs (quivered)
Armour
 a - a +0 robe (worn)
Jewellery
 e - an amulet of faith (around neck)
Wands
 f - a wand of acid (4)
Scrolls
 h - a scroll of identify {unknown}
 j - a scroll of fog {unknown}
Potions
 b - a potion of berserk rage {unknown}
 c - a potion of degeneration {unknown}
 d - 2 potions of lignification {unknown}
 g - a potion of cancellation {unknown}


   Skills:
 + Level 3.5 Fighting
 - Level 2.4 Dodging
 - Level 1.0 Stealth
 * Level 5.3 Unarmed Combat


You had 4 spell levels left.
You didn't know any spells.
Your spell library contained the following spells:

 Spells                   Type           Power      Damage    Failure   Level
 Ignite Poison            Fire/Tmut/Pois 0%         N/A       83%         3
 Mephitic Cloud           Conj/Pois/Air  0%         N/A       83%         3
 Bolt of Magma            Conj/Fire/Erth 0%         4d4       100%        5


Dungeon Overview and Level Annotations

Branches:
Dungeon (4/15)
 Temple: D:4-7

Altars:
Elyvilon
Qazlal

Annotations:
D:2 Natasha, Sigmund


Innate Abilities, Weirdness & Mutations

You are too large for most types of armour.
You have claws for hands.
Your natural rate of healing is unusually fast.
You are covered in fur. (AC +1)
You have tough skin. (AC +1)


Message History

Something hits you.
You bump into the rock wall.
The orc priest hits you from afar with a +0 trident.
The orc hits you but does no damage. Something hits you but does no damage.
You bump into the rock wall.
The orc priest mumbles some strange prayers to Beogh against you.
Beogh smites you! The orc hits you with a +0 dagger. Something hits you.
You barely miss something. The orc priest barely misses you.
The orc barely misses you.
You bump into the rock wall.
Something hits you.
The orc priest hits you from afar with a +0 trident.
The orc hits you but does no damage.
You bump into the rock wall.
Something hits you but does no damage. The orc priest misses you.
The orc hits you with a +0 dagger.
You bump into the rock wall.
Something hits you.
The orc priest hits you but does no damage.
The orc barely misses you.
You bump into the rock wall.
You feel less confused.
You hear some strange, mumbled words.
A magic dart appears from out of thin air!
The magic dart hits you!
* * * LOW HITPOINT WARNING * * *
The orc priest hits you but does no damage.
The orc hits you with a +0 dagger.
* * * LOW HITPOINT WARNING * * *
You closely miss something.
You hear some strange, mumbled words.
A puff of flame appears from out of thin air!
The puff of flame hits you.
* * * LOW HITPOINT WARNING * * *
The orc priest invokes the aid of Beogh against you.
The orc closely misses you.
You closely miss the orc.
You hear some strange, mumbled words.
A puff of flame appears from out of thin air!
The puff of flame hits you!
* * * LOW HITPOINT WARNING * * *
The orc priest hits you from afar with a +0 trident.
You die...

#.# . #.#
#
..####.#.
.o...#.
.....
#.?#
#o.####
#{o..<#
#@#####
#.# ###


You could see an orc priest and an orc.

Vanquished Creatures
  A howler monkey (D:3)
  Terence (D:3)
  An orc wizard (D:3)
  6 adders
  2 dart slugs
  5 orcs (D:3)
  4 ball pythons
  2 endoplasms
  A giant cockroach (D:1)
  3 goblins
  2 hobgoblins (D:3)
  4 jackals (D:3)
  A quokka (D:3)
  3 bats (D:3)
  3 frilled lizards
  6 kobolds
  3 rats
48 creatures vanquished.

Notes
Turn   | Place    | Note
-------+----------+-------------------------------------------
     0 | D:1      | oldmanjim the Troll Monk began the quest for the Orb.
     0 | D:1      | Reached XP level 1. HP: 22/22 MP: 0/0
   119 | D:1      | Reached XP level 2. HP: 29/29 MP: 1/1
   890 | D:2      | Noticed Sigmund
   893 | D:2      | Noticed Natasha
   893 | D:2      | You fall into a shaft and drop 1 floor!
   903 | D:3      | Noticed a howler monkey
   905 | D:3      | Reached XP level 3. HP: 36/36 MP: 2/2
   909 | D:3      | Reached skill level 4 in Unarmed Combat
   909 | D:3      | Reached XP level 4. HP: 43/45 MP: 3/3
  1220 | D:3      | Found a white marble altar of Elyvilon.
  1454 | D:3      | Found a stormy altar of Qazlal.
  1626 | D:3      | Reached skill level 5 in Unarmed Combat
  1654 | D:3      | Reached XP level 5. HP: 53/53 MP: 4/4
  1695 | D:3      | Noticed Terence
  1703 | D:3      | Killed Terence
  1875 | D:4      | HP: 2/53 [something/puff of flame (7)]
  1875 | D:4      | Slain by an orc priest

Illustrated notes

Levels and vault maps discovered:
D:1:      onia_arrival_handbag, layout_basic
D:2:      layout_basic, hellmonk_ecumenical_altar_watching_god, st_stairs_11,
          minmay_misc_feat_four_crosses, uniq_sigmund, uniq_natasha
D:3:      layout_basic, nicolae_qazlal_eye_of_the_storm, general_overflow_altar,
          minmay_increasing_density, uniq_terence
D:4:      layout_basic, minmay_temple_entry_slanted, serial_shops,
          shop_fountains, portal_sewer_entry_e, amcnicky_mini_corridor_feature,
          chequers_decorated_corner, hangedman_decor_slide_cut,
          chequers_serial_rivers_micro_b, kennysheep_generic_room_5, uniq_ijyb,
          uniq_pikel, uniq_edmund

Skill      XL: |  1  2  3  4 |
---------------+-------------+-----
Fighting       | 3 |  3.5
Unarmed Combat | 4 5 |  5.3
Dodging        | |  2.4
Stealth        | |  1.0

Action                   |  1- 3 |  4- 6 || total
-------------------------+-------+-------++-------
Melee: Unarmed           |    46 |    84 ||   130
       Punch             |       |     1 ||     1
  Use: Scroll            |     2 |     1 ||     3
 Stab: Sleeping          |     2 |     4 ||     6
Armor: Robe              |     8 |    21 ||    29
Dodge: Dodged            |    18 |    45 ||    63
